 Dungeon Crawl Stone Soup version bcrawl-1.13.5 (webtiles) character file.

Game seed: 14798081695114279373

74158 Chiseanne the Unseen (level 15, -3/65 HPs)
             Began as a Spriggan Archaeologist on Aug 22, 2019.
             Was an Initiate of Gozag.
             Killed from afar by an ogre mage (33 damage)
             ... with a crystal spear
             ... on level 11 of the Dungeon.
             The game lasted 01:24:40 (16860 turns).

Chiseanne the Unseen (Spriggan Archaeologist)      Turns: 16860, Time: 01:24:40

Health: -3/65      AC:  9    Str: 13    XL:     15   Next: 6%
Magic:  18/42      EV: 33    Int: 19    God:    Gozag
Gold:   159        SH:  0    Dex: 19    Spells: 32/41 levels left

rFire    . . .     SeeInvis +   a - +8 arc blade {discharge, rElec}
rCold    . . .     Gourm    .   (shield restricted)
rNeg     . . .     Faith    .   b - +1 robe
rPois    .         Spirit   .   o - +3 crown of Dyrovepreva {rElec Int+2 SInv}
rElec    +         Reflect  .   z - +2 cloak {+Inv}
rCorr    .         Harm     .   (gloves unavailable)
MR       ++...                  (boots unavailable)
Stlth    +++++++++.             e - amulet of regeneration
HPRegen  0.60/turn              Q - ring "Taaropef" {+Fly MP+9 Str+5 Slay+3}
MPRegen  0.28/turn              S - ring of stealth

@: gold aura, very quick
A: very small, unfitting armour, see invisible, herbivore, speed 3, slow
metabolism 2
a: Potion Petition, Call Merchant, Bribe Branch, Renounce Religion, Evoke
Invisibility, Evoke Flight


You were on level 11 of the Dungeon.
You worshipped Gozag.
Gozag was aware of your devotion.
You were not hungry.

You visited 4 branches of the dungeon, and saw 19 of its levels.

You collected 6074 gold pieces.
You spent 3804 gold pieces at shops.
You paid 2111 gold pieces to Gozag.

Inventory:

Hand Weapons
 a - the +8 arc blade (weapon) {discharge, rElec}

   It insulates you from electricity.
 p - the +5 rapier of the Abyss {freeze, rElec rC++ Dex-5 SInv}
   (You bought it in a shop on level 10 of the Dungeon)

   It has been specially enchanted to freeze those struck by it, causing extra
   injury to most foes and up to half again as much damage against particularly
   susceptible opponents.
   It can also slow down cold-blooded creatures.
   It affects your dexterity (-5).
   It greatly protects you from cold.
   It insulates you from electricity.
   It lets you see invisible.
 w - a +3 blowgun
 B - the +11 quarterstaff of Elamyefu {flame, *Rage rN+ MR++ SInv}
   (You bought it in a shop on level 10 of the Dungeon)

   It has been specially enchanted to burn those struck by it, causing extra
   injury to most foes and up to half again as much damage against particularly
   susceptible opponents.
   It protects you from negative energy.
   It affects your resistance to hostile enchantments.
   It lets you see invisible.
   It may make you go berserk in combat.
 D - the +9 staff of Olgreb {rPois}
   (You found it on level 8 of the Dungeon)

   It protects you from poison.
Missiles
 d - 943 sling bullets
 q - 991 bolts
 r - 1293 arrows
 u - 67 poisoned tomahawks (quivered)
 W - 15 curare-tipped needles
Armour
 b - a +1 robe (worn)
 o - the +3 crown of Dyrovepreva (worn) {rElec Int+2 SInv}
   (You bought it in a shop in the Orcish Mines)

   It affects your intelligence (+2).
   It insulates you from electricity.
   It lets you see invisible.
 z - a +2 cloak of invisibility (worn)
Jewellery
 e - an amulet of regeneration (around neck)
 j - a +4 ring of intelligence
 F - an uncursed ring of ice
 K - an uncursed ring of protection from magic
 Q - the ring "Taaropef" (left hand) {+Fly MP+9 Str+5 Slay+3}
   (You bought it in a shop on level 7 of the Dungeon)

   [ring of flight]

   It affects your strength (+5).
   It affects your accuracy and damage with ranged weapons and melee attacks
   (+3).
   It affects your magic capacity (+9).
   It lets you fly.
 S - a ring of stealth (right hand)
 X - an uncursed ring of wizardry
Wands
 s - a wand of digging (16)
 J - a wand of iceblast (18)
 T - a wand of paralysis (12)
Scrolls
 f - 12 scrolls of teleportation
 i - 10 scrolls of remove curse
 m - 3 scrolls of identify
 n - 3 scrolls of immolation
 A - a scroll of summoning
 E - a scroll of amnesia
 G - 2 scrolls of enchant weapon
 I - 7 scrolls of fear
 L - 2 scrolls of blinking
 M - 3 scrolls of fog
Potions
 c - 2 potions of haste
 k - 3 potions of resistance
 l - 6 potions of curing
 t - 6 potions of invisibility
 v - 2 potions of magic
 x - 5 potions of lignification
 C - a potion of mutation
 H - a potion of ambrosia
 O - 2 potions of berserk rage
 R - 3 potions of brilliance
 U - a potion of cancellation
 Y - a potion of might
 Z - 2 potions of flight
Miscellaneous
 h - a box of beasts
 N - a lamp of fire
Comestibles
 g - 22 rations {!d}


   Skills:
 - Level 1.2 Fighting
 - Level 14.0 Short Blades
   Level 0.6 Maces & Flails
 * Level 15.8 Dodging
 * Level 17.1 Stealth
 * Level 13.8 Spellcasting
 - Level 8.8 Hexes
 + Level 15.7 Evocations


You had 32 spell levels left.
You knew the following spells:

 Your Spells              Type           Power        Failure   Level  Hunger
a - Confuse               Hex            #####...     1%          3    None
b - Tukima's Dance        Hex            #####...     1%          3    None
c - Dazzling Spray        Conj/Hex       ####..       2%          3    None

Your spell library contained the following spells:

 Spells                   Type           Power        Failure   Level  Hunger
 Corona                   Hex            #####..      1%          1    None
 Ensorcelled Hibernation  Hex/Ice        ####..       1%          2    None
 Sandblast                Erth           ##....       4%          1    None
 Shock                    Conj/Air       ##...        4%          1    None
 Sting                    Conj/Pois      ##..         4%          1    None
 Passwall                 Tmut/Erth      ##......     8%          2    None
 Poisonous Vapours        Pois/Air       ##....       8%          2    None
 Swiftness                Chrm/Air       ##......     8%          2    None
 Ignite Poison            Fire/Tmut/Pois ##......     16%         3    None
 Static Discharge         Air            ##......     16%         3    None
 Stone Arrow              Conj/Erth      ##....       16%         3    None
 Airstrike                Air            ##........   45%         4    None
 Olgreb's Toxic Radiance  Pois           ##......     45%         4    None
 Petrify                  Tmut/Erth      ##......     45%         4    None
 Summon Scorpions         Summ/Pois      ##......     45%         4    None
 Lee's Rapid Deconstruct  Erth           ##........   80%         5    ####...
 Lightning Bolt           Conj/Air       ##........   80%         5    ####...
 Venom Bolt               Conj/Pois      ##........   80%         5    ####...


Dungeon Overview and Level Annotations

Branches:
Dungeon (11/12)            Temple (1/1) D:4            Lair (6/6) D:9
 Shoals (0/3) Lair:4       Spider (0/3) Lair:4        Slime (0/5) Lair:6
    Orc (1/1) D:9             Elf (0/3) Orc          Vaults (0/3) D:11

Altars:
Ashenzari
Dithmenos
Elyvilon
Fedhas
Gozag
Hepliaklqana
Kikubaaqudgha
Lugonu
Makhleb
Nemelex Xobeh
Okawaru
Qazlal
Ru
Sif Muna
Trog
Uskayaw
Vehumet
Wu Jian
Xom
Yredelemnul
Zin
The Shining One
Beogh
Jiyva

Shops:
D:6 ?   D:7 =   D:9 =   D:10 (!   Orc *[[(   Lair:2 [

Annotations:
D:8 1 runed translucent door, max's ghost, novice MiFi
Lair:3 exclusion: 4 oklob plants Orc 3 runed translucent doors, junkhipster's ghost, journeyman GrFi


Innate Abilities, Weirdness & Mutations

You are very small and have problems with some larger weapons.
You are too small for most types of armour.
You have supernaturally acute eyesight. (SInv)
You are a herbivore.
You cover ground extremely quickly.
You need to consume almost no food.


Message History

The vault guard is almost dead.
You hear a roar!
You barely miss the vault guard.
The vault guard is almost dead.
The vault guard completely misses you. The ogre mage completely misses you.
You hit the vault guard but do no damage.
The vault guard is almost dead.
The acid dragon bites something!
The acid dragon claws something but does no damage.
The jelly closely misses something.
You strike the helpless vault guard from behind!
You stick the vault guard like a pincushion!!!
The arc blade crackles.
Some blue arcs ground themselves harmlessly.
You kill the vault guard!
The ogre mage casts a spell at you. The crystal spear hits you!
Ouch! That really hurt!
You die...
Your body crumbles into a pile of gold.

#.....# #.....#
##J## #..<.#
##Y$$## ##....#
##.(ยง..####..+###
..##..$..J.##....#
.........D......##
#######O.O#..####
###$..####
#@......#
..............#
#######.......#
#.......#
#.......#
#.......#
#.......#
#.......#


You could see an ogre mage, an acid dragon and a jelly.

Vanquished Creatures
  Saint Roka (Orc)
  Gastronok (Lair:3)
  Kirke (Lair:3)
  An orc warlord (Orc)
  Erolcha (D:9)
  Harold (D:8)
  7 hydras
  3 vault guards (D:11)
  A catoblepas (Lair:6)
  A queen ant (Lair:4)
  An alligator (Lair:6)
  2 death yaks (Lair:4)
  A tengu warrior (D:10)
  Nergalle (D:9)
  Sonja (Lair:4)
  7 skeletal warriors (D:9)
  Pikel (D:5)
  3 cyclopes
  2 deep elf magi
  An ugly thing (D:8)
  A manticore (Lair:4)
  An orc sorcerer (Orc)
  A centaur zombie (D:9)
  15 elephants (Lair:6)
  3 centaur skeletons
  4 black mambas
  A torpor snail (Lair:5)
  19 cane toads
  2 rime drakes
  3 komodo dragons
  An efreet (D:8)
  A jumping spider (Lair:4)
  5 trolls
  3 meliai (D:10)
  A polar bear (Lair:2)
  4 tyrant leeches (Lair:6)
  8 hippogriffs
  5 slime creatures (D:10)
  19 blink frogs
  A shadow (D:10)
  2 vampires
  31 yaks
  A wraith (D:10)
  A hungry ghost (D:6)
  Menkaure (D:5)
  6 vampire mosquitoes (Lair:6)
  3 wargs (Orc)
  25 soldier ants
  14 water moccasins
  3 porcupines
  3 slaves (D:5)
  5 phantoms
  2 sky beasts
  3 ice beasts
  A necrophage (D:5)
  29 orc warriors
  6 ogres
  A wolf (Lair:3)
  3 big kobolds
  12 crocodiles
  29 bullfrogs
  5 scorpions
  A water moccasin zombie (D:7)
  6 wights
  15 killer bees (D:8)
  2 howler monkeys
  An electric eel (Lair:6)
  3 crimson imps
  A bullfrog zombie (D:4)
  8 hounds
  3 jellies
  13 orc priests
  3 iguanas
  20 orc wizards
  24 worker ants
  A hound skeleton (D:3)
  2 worker ant zombies
  4 gnolls (D:3)
  14 adders
  A shadow imp (D:8)
  3 oozes
  4 worms (D:2)
  2 dart slugs
  2 leopard geckos (D:3)
  70 orcs
  A ball python (D:3)
  4 bats
  3 giant cockroaches
  13 hobgoblins
  14 jackals
  25 kobolds
  7 quokkas
  3 frilled lizards
  3 goblins
  10 rats
  A butterfly (Lair:1)
  3 fungi
  8 plants (Lair:6)
620 creatures vanquished.

Vanquished Creatures (others)
  3 humans (Lair:3)
  A bullfrog (Lair:3)
  A worker ant (Lair:4)
  5 fungi
  35 plants
45 creatures vanquished.

Grand Total: 665 creatures vanquished

Notes
Turn   | Place    | Note
-------+----------+-------------------------------------------
     0 | D:1      | Chiseanne the Spriggan Archaeologist began the quest for
                  | the Orb.
     0 | D:1      | Reached XP level 1. HP: 9/9 MP: 2/2
   157 | D:1      | Reached skill level 5 in Stealth
   222 | D:1      | Reached skill level 1 in Fighting
   342 | D:1      | Reached XP level 2. HP: 13/14 MP: 3/3
  1046 | D:2      | Reached skill level 5 in Dodging
  1134 | D:2      | Reached XP level 3. HP: 5/18 MP: 4/4
  1433 | D:2      | Reached skill level 1 in Short Blades
  1508 | D:2      | Found a shattered altar of Ashenzari.
  1571 | D:2      | Found a faded altar of an unknown god.
  2238 | D:2      | Found a burning altar of Makhleb.
  2238 | D:2      | Found a corrupted altar of Lugonu.
  2267 | D:3      | Reached XP level 4. HP: 22/22 MP: 5/5
  2304 | D:3      | Reached skill level 5 in Short Blades
  2530 | D:3      | Found an ancient bone altar of Kikubaaqudgha.
  3511 | D:3      | Found a glowing golden altar of the Shining One.
  3511 | D:3      | Found a white marble altar of Elyvilon.
  3511 | D:3      | Found a glowing silver altar of Zin.
  3536 | D:3      | Reached XP level 5. HP: 25/25 MP: 6/6
  3722 | D:3      | Found a hide-covered altar of Uskayaw.
  4555 | D:4      | Noticed a phantom
  4565 | D:4      | Killed a phantom
  4565 | D:4      | Reached skill level 6 in Stealth
  4565 | D:4      | Reached XP level 6. HP: 30/30 MP: 7/7
  4618 | D:4      | Found a shadowy altar of Dithmenos.
  4717 | D:4      | Found a staircase to the Ecumenical Temple.
  4727 | D:4      | Reached skill level 7 in Stealth
  4732 | D:4      | Reached XP level 7. HP: 18/33 MP: 8/8
  4746 | Temple   | Entered the Ecumenical Temple
  4786 | Temple   | Became a worshipper of Gozag Ym Sagoz the Greedy
  5173 | D:5      | Entered Level 5 of the Dungeon
  5265 | D:5      | Reached skill level 8 in Stealth
  5396 | D:6      | Reached XP level 8. HP: 34/37 MP: 9/9
  5420 | D:5      | Reached skill level 9 in Stealth
  5453 | D:5      | Noticed Menkaure
  5461 | D:5      | Killed Menkaure
  5461 | D:5      | Reached skill level 10 in Short Blades
  5540 | D:5      | Noticed Pikel
  5820 | D:5      | Killed Pikel
  5820 | D:5      | Reached skill level 10 in Stealth
  5820 | D:5      | Reached XP level 9. HP: 27/41 MP: 10/10
  5901 | D:5      | Reached skill level 10 in Dodging
  5995 | D:5      | Reached skill level 11 in Stealth
  6247 | D:6      | Learned a level 3 spell: Confuse
  6453 | D:6      | Found Orghoxoa's Magic Scroll Shoppe.
  6465 | D:6      | Bought a scroll of fear for 49 gold pieces
  6465 | D:6      | Bought a scroll of identify for 28 gold pieces
  6465 | D:6      | Bought a scroll of identify for 28 gold pieces
  6465 | D:6      | Bought a scroll of noise for 14 gold pieces
  6465 | D:6      | Bought a scroll of teleportation for 42 gold pieces
  6465 | D:6      | Bought a scroll of teleportation for 42 gold pieces
  6465 | D:6      | Bought a scroll of teleportation for 42 gold pieces
  6465 | D:6      | Bought a scroll of blinking for 105 gold pieces
  6465 | D:6      | Bought a scroll of fog for 28 gold pieces
  6465 | D:6      | Bought a scroll of fear for 49 gold pieces
  6541 | D:6      | Reached skill level 1 in Spellcasting
  6541 | D:6      | Reached skill level 1 in Hexes
  6685 | D:7      | Noticed a deep elf mage
  6692 | D:7      | Killed a deep elf mage
  6877 | D:7      | Noticed a cyclops
  6886 | D:7      | Killed a cyclops
  6891 | D:7      | Reached skill level 5 in Spellcasting
  6969 | D:7      | Reached skill level 5 in Hexes
  6982 | D:7      | Reached XP level 10. HP: 34/45 MP: 18/18
  7095 | D:7      | Found an ornate altar of the Wu Jian Council.
  7446 | D:8      | Noticed Harold
  7482 | D:8      | Killed Harold
  7565 | D:8      | Found a runed translucent door.
  7567 | D:8      | Found a shimmering altar of Xom.
  7567 | D:8      | Noticed max's ghost (novice MiFi)
  7568 | D:8      | Noticed a +1 rapier of chaos
  7572 | D:8      | Noticed a deep elf mage
  7579 | D:8      | Found a runed gate.
  7579 | D:8      | Found a runed gate.
  7580 | D:8      | Killed a deep elf mage
  7583 | D:8      | Found a runed gate.
  7589 | D:8      | Found a runed door.
  7599 | D:8      | Found the +9 staff of Olgreb {rPois}
  7762 | D:8      | Found a runed door.
  7814 | D:8      | Noticed a cyan ugly thing
  7816 | D:8      | Noticed a cyclops
  7883 | D:7      | Bought a cursed ring of attention for 54 gold pieces
  7905 | D:8      | Killed a cyan ugly thing
  7916 | D:8      | Killed a cyclops
  7916 | D:8      | Reached XP level 11. HP: 37/49 MP: 24/24
  8009 | D:8      | Found a sparkling altar of Nemelex Xobeh.
  8426 | D:8      | Learned a level 3 spell: Tukima's Dance
  8430 | D:8      | Learned a level 3 spell: Dazzling Spray
  8461 | D:9      | Found a shimmering altar of Xom.
  8510 | D:9      | Found a staircase to the Orcish Mines.
  8521 | D:9      | Reached skill level 1 in Evocations
  8537 | D:9      | Found a bloodstained altar of Trog.
  8548 | D:9      | Found a staircase to the Lair.
  8606 | D:9      | Noticed Nergalle
  8608 | D:9      | Noticed Erolcha
  8737 | D:9      | Noticed a skeletal warrior
  8819 | D:9      | Noticed a skeletal warrior
  8843 | D:9      | Noticed a skeletal warrior
  8859 | Lair:1   | Entered Level 1 of the Lair of Beasts
  8989 | Lair:2   | Reached skill level 5 in Evocations
  9433 | Lair:3   | Noticed an eight-headed hydra
  9439 | Lair:3   | Noticed an oklob plant
  9459 | Lair:3   | Killed an eight-headed hydra
  9497 | Lair:3   | Got a steaming hand crossbow
  9500 | Lair:3   | Identified the cursed +2 hand crossbow "Oggefyi" {velocity,
                  | rElec} (You found it on level 3 of the Lair of Beasts)
  9503 | Lair:3   | Noticed Kirke
  9548 | Lair:3   | Reached skill level 10 in Evocations
  9616 | Lair:3   | Killed Kirke
  9616 | Lair:3   | Reached XP level 12. HP: 53/53 MP: 25/25
  9683 | Lair:3   | Noticed Gastronok
  9697 | Lair:3   | Killed Gastronok
  9731 | Lair:3   | Noticed a seven-headed hydra
  9738 | Lair:3   | Killed a seven-headed hydra
  9940 | Lair:4   | Found a staircase to the Shoals.
 10014 | Lair:4   | Noticed a queen ant
 10135 | Lair:4   | Killed a queen ant
 10475 | Lair:4   | Reached skill level 12 in Stealth
 10582 | Lair:4   | Found a hole to the Spider Nest.
 10601 | Lair:4   | Noticed Sonja
 10606 | Lair:4   | Killed Sonja
 10765 | Lair:4   | Reached skill level 10 in Spellcasting
 10858 | Lair:5   | Noticed a death yak
 10859 | Lair:5   | Noticed a death yak
 10878 | Lair:4   | Killed a death yak
 10878 | Lair:4   | Reached XP level 13. HP: 56/57 MP: 28/28
 10985 | Lair:6   | Entered Level 6 of the Lair of Beasts
 11107 | Lair:6   | Found a viscous altar of Jiyva.
 11107 | Lair:6   | Found a staircase to the Slime Pits.
 11145 | Lair:5   | Reached skill level 13 in Stealth
 11411 | Lair:6   | Reached skill level 14 in Stealth
 11625 | Lair:6   | Reached XP level 14. HP: 42/61 MP: 13/31
 11722 | Lair:6   | Reached skill level 15 in Stealth
 11827 | Lair:6   | Reached skill level 15 in Evocations
 12713 | D:9      | Killed Erolcha
 12803 | D:7      | Bought the ring "Taaropef" {+Fly MP+9 Str+5 Slay+3} for 798
                  | gold pieces
 12927 | D:9      | Killed Nergalle
 13562 | D:10     | Entered Level 10 of the Dungeon
 13850 | D:10     | Bought a steaming rapier for 207 gold pieces
 13850 | D:10     | Bought a dazzling quarterstaff for 207 gold pieces
 13851 | D:10     | Identified the +5 rapier of the Abyss {freeze, rElec rC++
                  | Dex-5 SInv} (You bought it in a shop on level 10 of the
                  | Dungeon)
 13852 | D:10     | Identified the +11 quarterstaff of Elamyefu {flame, *Rage
                  | rN+ MR++ SInv} (You bought it in a shop on level 10 of the
                  | Dungeon)
 13978 | D:10     | Reached skill level 16 in Stealth
 14034 | D:10     | Found Ajeatu Nurch's Distillery.
 14042 | D:10     | Bought a potion of cancellation for 112 gold pieces
 14042 | D:10     | Bought a potion of might for 56 gold pieces
 14042 | D:10     | Bought a potion of flight for 42 gold pieces
 14042 | D:10     | Bought a potion of curing for 42 gold pieces
 14042 | D:10     | Bought 2 potions of curing for 84 gold pieces
 14042 | D:10     | Bought a potion of heal wounds for 70 gold pieces
 14042 | D:10     | Bought a potion of agility for 56 gold pieces
 14042 | D:10     | Bought 2 potions of invisibility for 224 gold pieces
 14042 | D:10     | Bought a potion of flight for 42 gold pieces
 14042 | D:10     | Bought a potion of brilliance for 56 gold pieces
 14042 | D:10     | Bought a potion of brilliance for 56 gold pieces
 14441 | D:10     | Reached skill level 15 in Dodging
 14817 | Orc      | Entered the Orcish Mines
 14914 | Orc      | Found a roughly hewn altar of Beogh.
 14916 | Orc      | Found Itues's General Store.
 14962 | Orc      | Found a runed translucent gate.
 14962 | Orc      | Found a runed translucent gate.
 14962 | Orc      | Noticed junkhipster's ghost (journeyman GrFi)
 14964 | Orc      | Found a runed translucent gate.
 14993 | Orc      | Noticed an orc warlord
 15004 | Orc      | Killed an orc warlord
 15138 | Orc      | Found a roughly hewn altar of Beogh.
 15344 | Orc      | Noticed Saint Roka
 15922 | Orc      | Killed Saint Roka
 16023 | Orc      | Found Ycurchew's Antique Armour Emporium.
 16025 | Orc      | Found a roughly hewn altar of Beogh.
 16034 | Orc      | Found Zeisomai's Antique Weapon Shoppe.
 16122 | Orc      | Found a staircase to the Elven Halls.
 16296 | Orc      | Found a roughly hewn altar of Beogh.
 16324 | Orc      | Found a roughly hewn altar of Beogh.
 16614 | Orc      | Found a roughly hewn altar of Beogh.
 16628 | Orc      | Found Paisk's Antique Armour Shoppe.
 16639 | Orc      | Bought the +3 crown of Dyrovepreva {rElec Int+2 SInv} for
                  | 1076 gold pieces
 16639 | Orc      | Found the +3 crown of Dyrovepreva {rElec Int+2 SInv}
 16639 | Orc      | Bought a glowing cloak for 195 gold pieces
 16797 | D:11     | Reached skill level 17 in Stealth
 16817 | D:11     | Found a gate to the Vaults.
 16830 | D:11     | Reached XP level 15. HP: 54/65 MP: 24/33
 16860 | D:11     | Killed from afar by an ogre mage

Skill      XL: |  1  2  3  4  5  6  7  8  9 10 11 12 13 14 |
---------------+-------------------------------------------+-----
Stealth        | 5 6 7 8 10 11 12 14 17 | 17.1
Fighting       | 1 |  1.2
Dodging        | 5 6 8 9 10 11 13 15 | 15.8
Short Blades   | 4 6 8 9 10 12 13 14 | 14.0
Spellcasting   | 5 8 10 12 13 | 13.8
Hexes          | 5 8 |  8.8
Evocations     | 11 14 15 | 15.7
Maces & Flails | |  0.6

Action                   |  1- 3 |  4- 6 |  7- 9 | 10-12 | 13-15 || total
-------------------------+-------+-------+-------+-------+-------++-------
Melee: Dagger            |   194 |   105 |       |       |       ||   299
       Hand axe          |    61 |    51 |       |       |       ||   112
       Short sword       |       |    90 |       |       |       ||    90
       Rapier            |       |    29 |   138 |   418 |   401 ||   986
       Whip              |       |       |       |     5 |       ||     5
       Staff             |       |       |       |       |     4 ||     4
 Fire: Blowgun           |       |    41 |    33 |       |       ||    74
Throw: Stone             |     7 |     1 |       |       |       ||     8
       Tomahawk          |       |       |     5 |    47 |    36 ||    88
 Cast: Confuse           |       |       |       |     8 |    13 ||    21
       Tukima's Dance    |       |       |       |       |     7 ||     7
Invok: Call Merchant     |       |       |       |     2 |     2 ||     4
Evoke: Wand              |       |     3 |     3 |    14 |    39 ||    59
       Staff of Olgreb   |       |       |       |       |   108 ||   108
       Lamp of fire      |       |       |       |       |     3 ||     3
       Box of beasts     |       |       |       |       |     1 ||     1
  Use: Scroll            |     1 |     5 |     8 |    10 |     6 ||    30
       Potion            |       |     3 |     2 |     3 |     3 ||    11
 Stab: Sleeping          |    15 |     3 |    14 |    37 |    17 ||    86
       Distracted        |       |     1 |     2 |     6 |    13 ||    22
       Confused          |       |       |       |     1 |     9 ||    10
       Paralysed         |       |       |       |       |     2 ||     2
  Eat: Ration            |       |     2 |       |     2 |     2 ||     6
Armor: Robe              |    33 |    30 |     6 |    10 |    18 ||    97
       Skin              |       |     2 |       |       |       ||     2
Dodge: Dodged            |   214 |   212 |    79 |   198 |   291 ||   994
